 Dungeon Crawl Stone Soup version 0.31.0-9-g3a7656b989 (webtiles) character file.

Game seed: 16058185327674777072

18323 Gottschkopf the Devastator (level 12, -1/59 HPs)
             Began as a Deep Elf Conjurer on Feb 4, 2024.
             Was a High Priest of Sif Muna.
             Slain by a vampire mosquito (10 damage)
             ... on level 13 of the Dungeon.
             The game lasted 00:50:15 (12981 turns).

Gottschkopf the Devastator (Deep Elf Conjurer)     Turns: 12981, Time: 00:50:16

Health: -1/59      AC: 11    Str:  4    XL:     12   Next: 26%
Magic:  22/30      EV: 17    Int: 35    God:    Sif Muna [*****.]
Gold:   276        SH:  0    Dex: 13    Spells: 14/36 levels left

rFire   . . .        e - +6 short sword (venom)
rCold   + + .        (no shield)
rNeg    . . .        R - +1 robe {rC+}
rPois   .            t - +2 hat
rElec   .            S - +2 cloak {rCorr}
rCorr   +            f - +2 pair of gloves
SInv    .            (no boots)
Will    +....        A - amulet of magic regeneration
Stlth   ++           j - +6 ring of intelligence
HPRegen 0.29/turn    (no ring)
MPRegen 0.62/turn

%: no passive effects
@: swift, invisible, quick
A: hooves 1, cold resistance 1
a: Renounce Religion, Channel Magic, Forget Spell, Divine Exegesis


You were on level 13 of the Dungeon.
You worshipped Sif Muna.
Sif Muna was extremely pleased with you.
You visited 2 branches of the dungeon, and saw 14 of its levels.
You also visited: Bailey.

You collected 770 gold pieces.
You spent 494 gold pieces at shops.

Inventory:

Hand Weapons
 e - a +6 short sword of venom (weapon)
Missiles
 C - 2 curare-tipped darts
 D - 4 throwing nets
Armour
 b - a scarf of harm
 f - a +2 pair of gloves (worn)
 m - a scarf of repulsion
 t - a +2 hat (worn)
 N - +0 acid dragon scales
 O - an orb of wrath
 R - a +1 robe of cold resistance (worn)
 S - a +2 cloak of preservation (worn)
Magical Staves
 w - a staff of earth
Jewellery
 j - a +6 ring of intelligence (left hand)
 A - an amulet of magic regeneration (around neck)
 F - the amulet "Hown" {RegenMP rElec rCorr Str-4}
   (You bought it in a shop on level 6 of the Dungeon)

   [amulet of magic regeneration]

   RegenMP:   It increases your rate of magic regeneration.
   Str-4:     It affects your strength (-4).
   rElec:     It insulates you from electricity.
   rCorr:     It protects you from acid and corrosion.
 M - a ring of fire
Wands
 k - a wand of digging (4)
 n - a wand of flame (37)
 q - a wand of acid (8)
 B - a wand of polymorph (12)
 G - a wand of paralysis (10)
Scrolls
 c - 4 scrolls of teleportation
 d - 3 scrolls of summoning
 g - a scroll of vulnerability {unknown}
 h - 4 scrolls of revelation
 p - 3 scrolls of poison
 s - 2 scrolls of fear {unknown}
 u - 3 scrolls of blinking {unknown}
 v - 5 scrolls of fog {unknown}
 x - a scroll of immolation {unknown}
 y - 3 scrolls of noise {unknown}
 P - 2 scrolls of silence {unknown}
Potions
 a - 2 potions of might
 l - 4 potions of lignification
 o - 3 potions of enlightenment
 r - 3 potions of curing
 z - 6 potions of attraction
 E - 3 potions of mutation
 H - 2 potions of magic
 I - a potion of cancellation
 J - 3 potions of brilliance
 K - 3 potions of heal wounds
 L - 2 potions of haste
 Q - a potion of berserk rage


   Skills:
 * Level 12.3 Dodging
 - Level 2.4 Stealth
 + Level 12.5 Spellcasting
 * Level 15.2 Conjurations
 - Level 1.9 Translocations
 + Level 4.8 Ice Magic
 + Level 3.0 Air Magic
 - Level 3.0 Alchemy


You had 14 spell levels left.
You knew the following spells:

 Your Spells              Type           Power      Damage    Failure   Level
a - Magic Dart            Conj           100%       1d8       0%          1
b - Searing Ray           Conj           100%       2d8       0%          2
c - Fulminant Prism       Conj/Alch      36%        3d18      1%          4
d - Iskenderun's Mystic   Conj/Tloc      70%        2d14      1%          4
e - Mephitic Cloud        Conj/Alch/Air  64%        N/A       1%          3
f - Freezing Cloud        Conj/Ice/Air   33%        6-21      2%          5
g - Swiftness             Air            42%        N/A       1%          3

Your spell library contained the following spells:

 Spells                   Type           Power      Damage    Failure   Level
 Freeze                   Ice            100%       1d10      1%          1
 Ensorcelled Hibernation  Hex/Ice        76%        N/A       1%          2
 Mercury Vapours          Alch/Air       86%        N/A       1%          2
 Frozen Ramparts          Ice            100%       1d16      1%          3
 Hailstorm                Conj/Ice       75%        3d13      1%          3
 Passwall                 Erth           21%        N/A       6%          3
 Haunt                    Necr/Summ      10%        N/A       100%        7
 Borgnjor's Revivificati  Necr           10%        N/A       100%        8
 Death's Door             Necr           10%        N/A       100%        9


Dungeon Overview and Level Annotations

Branches:
Dungeon (13/15)            Temple (1/1) D:6            Lair (0/5) D:10
    Orc (0/2) D:11         Bailey (visited)
 Vaults: D:13-14

Altars:
Ashenzari
Cheibriados
Dithmenos
Elyvilon
Fedhas
Gozag
Hepliaklqana
Kikubaaqudgha
Makhleb
Nemelex Xobeh
Okawaru
Qazlal
Ru
Sif Muna
Trog
Uskayaw
Vehumet
Wu Jian
Xom
Yredelemnul
Zin
The Shining One

Shops:
D:5 [   D:6 =   D:9 (   D:11 (=(


Innate Abilities, Weirdness & Mutations

You have large cloven feet.
Your flesh is cold resistant. (rC+)


Message History

The tengu warrior is almost dead.
The tengu warrior is knocked back by the mystic blast.
The tengu warrior slams into the rock wall!
The tengu warrior is almost dead.
The komodo dragon changes into a yak!
The vampire mosquito is engulfed in freezing vapours. x2
The tengu warrior hits you with a +0 great sword!
The tengu warrior pecks you. The tengu warrior claws you.
Your Air Magic skill increases to level 3!
Casting: Iskenderun's Mystic Blast (dangerous; 1% risk of failure)
Confirm with . or Enter, or press ? or * to list all spells.
You feel quick. The vampire mosquito barely misses you.
A vampire mosquito comes into view.
The vampire mosquito misses you.
The tengu warrior completely misses you.
The tengu warrior pecks you but does no damage.
The tengu warrior claws you but does no damage.
The yak is engulfed in freezing vapours.
The vampire mosquito attacks as it pursues you!
The vampire mosquito completely misses you.
The tengu warrior hits you with a +0 great sword.
The tengu warrior pecks you but does no damage.
The tengu warrior claws you.
* * * LOW HITPOINT WARNING * * *
The vampire mosquito barely misses you.
The vampire mosquito attacks as it pursues you!
The vampire mosquito closely misses you.
The vampire mosquito attacks as it pursues you!
The vampire mosquito bites you.
* * * LOW HITPOINT WARNING * * *
The vampire mosquito draws strength from your injuries!
Found 8 stones.
The centaur shoots an arrow.
The arrow completely misses you.
The vampire mosquito bites you but does no damage.
You fade into invisibility!
The vampire mosquito bites you.
* * * LOW HITPOINT WARNING * * *
The vampire mosquito draws strength from your injuries!
The vampire mosquito bites you!
You die...

#########
#yQ.....#
#.#####.#
#.#####.#########
#)ycQ..yy@.(....#
....###.#######..
........#
.#c#..####
...#..# #..##y.#


You could see a tengu warrior (unable to see you), 3 vampire mosquitoes and a
centaur (unable to see you).

Vanquished Creatures
  A centaur warrior (D:13)
  A boulder beetle (D:12)
  Amaemon (D:8)
  Pikel (D:8)
  4 orc knights (Bailey)
  An ugly thing (D:12)
  Maurice (D:12)
  A gargoyle (D:9)
  An orange demon (D:8)
  A freezing wraith (D:12)
  An unseen horror (D:11)
  A komodo dragon (D:10)
  3 kobold demonologists (D:11)
  3 polar bears (D:9)
  A hornet (D:8)
  5 trolls
  2 shadows
  3 vampires
  4 wraiths
  19 yaks
  A wyvern (D:11)
  An unseen horror simulacrum (D:9)
  An acid dragon (D:12)
  14 orc warriors
  2 ice beasts
  A black bear (D:4)
  A sky beast (D:6)
  2 ogres
  2 centaurs (D:8)
  A wolf (D:9)
  2 lemures (D:8)
  A phantom (D:5)
  6 kobold brigands
  6 bullfrogs
  2 gnoll sergeants (D:9)
  4 scorpions
  10 wights
  A killer bee (D:8)
  A howler monkey (D:11)
  A crimson imp (D:5)
  A jelly (D:6)
  A bombardier beetle (D:4)
  6 hounds
  2 gnoll boudas
  6 orc priests
  An iguana (D:4)
  7 orc wizards
  2 centaur simulacra (D:9)
  Robin (D:2)
  7 adders
  15 gnolls
  3 shadow imps
  8 white imps
  5 ufetubi
  3 dart slugs
  A ribbon worm (D:1)
  59 orcs
  7 ball pythons
  6 endoplasms
  5 giant cockroaches
  16 goblins
  3 hobgoblins (D:2)
  11 jackals
  29 kobolds
  5 quokkas
  7 bats
  6 frilled lizards
  12 rats
350 creatures vanquished.

Vanquished Creatures (others)
  An orc (D:9)
  32 fulminant prisms
33 creatures vanquished.

Grand Total: 383 creatures vanquished

Notes
Turn   | Place    | Note
-------+----------+-------------------------------------------
     0 | D:1      | Gottschkopf the Deep Elf Conjurer began the quest for the
                  | Orb.
     0 | D:1      | Reached XP level 1. HP: 10/10 MP: 6/6
   284 | D:1      | Reached XP level 2. HP: 15/15 MP: 6/8
   389 | D:1      | Reached skill level 5 in Conjurations
  1011 | D:1      | Reached XP level 3. HP: 19/19 MP: 6/9
  1165 | D:1      | Learned a level 2 spell: Searing Ray
  1929 | D:2      | Noticed Robin
  1932 | D:2      | Killed Robin
  1933 | D:2      | Reached XP level 4. HP: 24/24 MP: 4/11
  1938 | D:2      | Learned a level 4 spell: Fulminant Prism
  1949 | D:2      | Learned a level 3 spell: Mephitic Cloud
  1952 | D:2      | Reached skill level 6 in Conjurations
  2361 | D:3      | Noticed an ogre
  2376 | D:3      | Killed an ogre
  2377 | D:3      | Reached skill level 1 in Alchemy
  2377 | D:3      | Reached XP level 5. HP: 21/28 MP: 9/13
  2431 | D:3      | Found an ancient bone altar of Kikubaaqudgha.
  2964 | D:4      | Noticed a black bear
  2970 | D:4      | Killed a black bear
  2971 | D:4      | Reached skill level 7 in Conjurations
  2971 | D:4      | Reached XP level 6. HP: 32/32 MP: 6/15
  3049 | D:4      | Reached skill level 5 in Spellcasting
  3587 | D:4      | Learned a level 4 spell: Iskenderun's Mystic Blast
  3840 | D:4      | Reached skill level 1 in Translocations
  3840 | D:4      | Reached XP level 7. HP: 36/36 MP: 7/17
  3944 | D:5      | Entered Level 5 of the Dungeon
  3967 | D:5      | Found Tunyweyf's Antique Armour Boutique.
  4047 | D:5      | Reached skill level 8 in Conjurations
  4522 | D:5      | Found a burning altar of Makhleb.
  4572 | D:5      | Found a hide-covered altar of Uskayaw.
  5187 | D:6      | Found a shimmering blue altar of Sif Muna.
  5193 | D:6      | Became a worshipper of Sif Muna the Loreminder
  5212 | D:6      | Found a staircase to the Ecumenical Temple.
  5227 | Temple   | Entered the Ecumenical Temple
  5271 | D:6      | Reached XP level 8. HP: 41/41 MP: 12/19
  5371 | D:6      | Gained mutation: You occasionally shout uncontrollably at
                  | your foes. [potion of mutation]
  5371 | D:6      | Gained mutation: You are somewhat resistant to further
                  | mutation. [potion of mutation]
  5432 | D:6      | Reached skill level 9 in Conjurations
  6075 | D:6      | Found Luexaa Ustoph's Jewellery Boutique.
  6316 | D:6      | Found a glowing golden altar of the Shining One.
  6410 | D:7      | Reached * piety under Sif Muna
  6416 | D:7      | Reached skill level 5 in Dodging
  6416 | D:7      | Reached skill level 10 in Conjurations
  6784 | D:7      | Found a radiant altar of Vehumet.
  6989 | D:7      | Reached XP level 9. HP: 41/45 MP: 8/23
  7156 | D:7      | Lost mutation: You are somewhat resistant to further
                  | mutation. [potion of mutation]
  7156 | D:7      | Lost mutation: You occasionally shout uncontrollably at
                  | your foes. [potion of mutation]
  7156 | D:7      | Gained mutation: You have large cloven feet. [potion of
                  | mutation]
  7156 | D:7      | Gained mutation: Your flesh is cold resistant. (rC+)
                  | [potion of mutation]
  7251 | D:7      | Found a blossoming altar of Fedhas.
  7342 | D:8      | Found a hazy altar of Hepliaklqana.
  7420 | D:8      | Reached skill level 11 in Conjurations
  7620 | D:8      | Reached ** piety under Sif Muna
  7623 | D:8      | Found a flagged portal.
  7629 | Bailey   | Entered a bailey
  7757 | Bailey   | Reached skill level 12 in Conjurations
  7763 | Bailey   | Learned a level 5 spell: Freezing Cloud
  7845 | Bailey   | Noticed an orc knight
  7845 | Bailey   | Noticed an orc knight
  7857 | Bailey   | Killed an orc knight
  7858 | Bailey   | Reached skill level 1 in Ice Magic
  7858 | Bailey   | Reached XP level 10. HP: 50/50 MP: 7/25
  7858 | Bailey   | Killed an orc knight
  7868 | Bailey   | Reached skill level 10 in Spellcasting
  7926 | Bailey   | Noticed an orc knight
  7957 | Bailey   | Killed an orc knight
  8092 | Bailey   | Noticed an orc knight
  8112 | Bailey   | Killed an orc knight
  8331 | D:8      | Noticed Pikel
  8339 | D:8      | Killed Pikel
  8340 | D:8      | Reached skill level 13 in Conjurations
  8361 | D:8      | Reached skill level 1 in Air Magic
  8672 | D:8      | Noticed Amaemon
  8675 | D:8      | Killed Amaemon
  8793 | D:8      | Noticed an orange demon
  8799 | D:8      | Killed an orange demon
  9295 | D:6      | Bought the amulet "Hown" {RegenMP rElec rCorr Str-4} for
                  | 494 gold pieces
  9378 | D:9      | Reached XP level 11. HP: 54/54 MP: 20/27
  9426 | D:9      | Found Qyseell's Weapon Boutique.
  9448 | D:9      | Reached *** piety under Sif Muna
  9886 | D:9      | Found a bloodstained altar of Trog.
 10096 | D:9      | Found a basalt altar of Yredelemnul.
 10307 | D:9      | Reached skill level 10 in Dodging
 10309 | D:9      | Reached **** piety under Sif Muna
 10468 | D:9      | Reached skill level 14 in Conjurations
 10848 | D:10     | Entered Level 10 of the Dungeon
 10959 | D:10     | HP: 1/54 [something (38)]
 11155 | D:10     | Learned a level 3 spell: Swiftness
 11318 | D:10     | Found a staircase to the Lair.
 11680 | D:11     | Found Gexteawk's Jewellery Shop.
 12033 | D:11     | Found Fefoblyl's Antique Weapon Emporium.
 12161 | D:11     | Reached ***** piety under Sif Muna
 12162 | D:11     | Reached XP level 12. HP: 56/59 MP: 7/30
 12203 | D:11     | Found Motid's Weapon Emporium.
 12204 | D:11     | Found a staircase to the Orcish Mines.
 12524 | D:12     | Noticed a boulder beetle
 12687 | D:12     | Reached skill level 15 in Conjurations
 12735 | D:12     | Noticed a boulder beetle
 12751 | D:12     | Killed a boulder beetle
 12888 | D:12     | Noticed Maurice
 12893 | D:12     | Killed Maurice
 12962 | D:12     | You fall into a shaft and drop 1 floor!
 12963 | D:13     | Noticed a centaur warrior
 12964 | D:13     | Noticed a tengu warrior
 12964 | D:13     | Noticed a tengu warrior
 12970 | D:13     | Killed a centaur warrior
 12981 | D:13     | Slain by a vampire mosquito

Illustrated notes

Levels and vault maps discovered:
D:1:      arrival_zaba_pyramid, layout_basic, nicolae_wormholes
D:2:      layout_loops_ring, uniq_robin
D:3:      layout_rooms, mainiacjoe_overflow_alcove_4, minmay_misc_feat_hallway
D:4:      layout_basic, serial_library_hellmonk_angled_corner,
          kennysheep_flooded_box
D:5:      layout_cave_pods, mainiacjoe_overflow_six_doors_small,
          mainiacjoe_overflow_alcove_1, serial_shops, nicolae_shop_waterfront,
          minmay_fire_ice_demons
D:6:      layout_basic, led_sif_pool, marbit_many_paths,
          minmay_temple_entry_mini_moons, serial_shops, shop
D:7:      layout_basic, fedhas_altar_4, nicolae_vehumet_radiance
D:8:      kennysheep_six_static_rooms, layout_rooms,
          lemuel_coloured_pillars_altar, enter_bailey_3, uniq_amaemon,
          uniq_pikel
D:9:      layout_loops_corners, lemuel_tele_altar,
          mainiacjoe_overflow_boulevard, serial_ice, serial_ice_k, serial_ice_d,
          serial_ice_g, serial_ice_n, serial_ice_f, serial_ice_c, serial_shops,
          shop
D:10:     layout_rooms, grunt_lair_entry_orc_guard_hut
D:11:     layout_gridville, orc_david_3, serial_shops,
          nicolae_shop_just_a_little_nook, shop
D:12:     layout_grid_maze, kennysheep_just_a_vault, uniq_maurice, uniq_frances
D:13:     layout_loops_cross, grunt_vaults_entry_tiered
Temple:   nicolae_temple_hex_pool

Skill      XL: |  1  2  3  4  5  6  7  8  9 10 11 12 |
---------------+-------------------------------------+-----
Conjurations   | 5 6 7 8 10 12 13 14 15 | 15.2
Spellcasting   | 4 5 6 8 9 10 12 | 12.5
Alchemy        | 1 2 3 |  3.0
Translocations | 1 |  1.9
Dodging        | 3 5 7 9 11 12 | 12.3
Ice Magic      | 1 4 |  4.8
Air Magic      | 2 3 |  3.0
Stealth        | |  2.4

Action                     |  1- 3 |  4- 6 |  7- 9 | 10-12 || total
---------------------------+-------+-------+-------+-------++-------
  Melee: Short sword       |     6 |     9 |    35 |    18 ||    68
         Punch             |       |       |     1 |       ||     1
         Kick              |       |       |     2 |    10 ||    12
   Cast: Magic Dart        |    81 |    83 |   148 |   243 ||   555
         Searing Ray       |       |     8 |    22 |    35 ||    65
         Mephitic Cloud    |       |     1 |     1 |     5 ||     7
         Fulminant Prism   |       |       |    13 |    19 ||    32
         Iskenderun's Myst |       |       |     8 |    48 ||    56
         Freezing Cloud    |       |       |     1 |    27 ||    28
         Swiftness         |       |       |       |     2 ||     2
    Use: Potion            |       |     3 |     5 |     3 ||    11
         Scroll            |       |       |    14 |    11 ||    25
   Stab: Confused          |       |       |       |     2 ||     2
 Armour: Robe              |     9 |    12 |    39 |    95 ||   155
         Skin              |       |       |    20 |       ||    20
  Dodge: Dodged            |    12 |    12 |    46 |    90 ||   160
